Map: Acid Plant LE

Players

Samsonn - Winner!

  • Race: Protoss Protoss
  • League: Platinum
  • Spawn Location: 5:00

Graveyard

  • Race: Zerg Zerg
  • League: Diamond
  • Spawn Location: 11:00

VOD

Have the link to the VOD?

Description

Loss ZvToss Air

Time

  • Played on: March 24, 2018, 9:53 a.m.
  • Length: 15:41
Show
View Real Time Build Order
Export as new Build Order

Samsonn Protoss - Winner!

Build Orders: 1 Gate Expand, Oracle Opening 

Get SALT Encoding   

  12  0:01  Probe  
  13  0:13  Probe  
  14  0:19  Pylon  
  14  0:25  Probe  
  15  0:37  Probe (Chrono Boost)  
  15  0:42  Gateway  
  16  0:47  Probe (Chrono Boost)  
  17  0:52  Probe (Chrono Boost)  
  18  1:04  Probe (Chrono Boost)  
  19  1:11  Probe (Chrono Boost)  
  20  1:23  Nexus  
  20  1:33  Cybernetics Core  
  20  1:43  Forge  
  20  1:47  Zealot  
  20  1:53  Assimilator  
  22  1:57  Assimilator  
  22  2:00  Probe  
  23  2:35  Probe (Chrono Boost), Photon Cannon  
  23  2:36  Probe (Chrono Boost)  
  26  2:45  Probe x2 (Chrono Boost)  
  26  2:49  Stargate  
  26  2:50  Probe x2 (Chrono Boost)  
  27  2:57  Pylon  
  29  3:01  Probe  
  29  3:02  Probe  
  31  3:13  Probe  
  31  3:14  Probe  
  31  3:15  Stargate  
  33  3:25  Probe  
  33  3:26  Probe  
  35  3:35  Assimilator  
  35  3:38  Probe (Chrono Boost)  
  35  3:39  Probe (Chrono Boost)  
  37  3:43  Oracle  
  42  3:48  Probe (Chrono Boost), Pylon  
  42  3:49  Probe (Chrono Boost)  
  42  3:53  Probe x2 (Chrono Boost)  
  44  4:04  Probe x2, Assimilator  
  44  4:07  Void Ray  
  50  4:14  Pylon  
  50  4:16  Probe, Pylon  
  50  4:17  Probe  
  52  4:31  Void Ray  
  52  4:35  Probe x2  
  58  4:51  Void Ray  
  62  4:58  Nexus  
  62  5:00  Pylon  
  62  5:15  Fleet Beacon  
  62  5:19  Photon Cannon  
  60  5:23  Photon Cannon  
  60  5:24  Void Ray (Chrono Boost)  
  68  5:36  Probe x2  
  68  5:41  Void Ray (Chrono Boost)  
  70  5:44  Pylon  
  70  5:52  Probe x2  
  72  6:01  Carrier (Chrono Boost)  
  72  6:08  Probe x2, Photon Cannon  
  72  6:10  Probe, Assimilator  
  81  6:14  Assimilator  
  81  6:15  Carrier (Chrono Boost)  
  81  6:25  Probe x2  
  89  6:26  Probe  
  90  6:34  Graviton Catapult  
  90  6:38  Probe x2, Protoss Air Weapons Level 1  
  90  6:39  Probe  
  93  6:50  Probe  
  93  6:51  Probe x2  
  96  6:56  Protoss Shields Level 1  
  96  7:02  Probe  
  96  7:03  Probe x2  
  99  7:11  Pylon  
  99  7:13  Pylon  
  99  7:16  Photon Cannon  
  99  7:19  Photon Cannon  
  99  7:22  Photon Cannon  
  99  7:23  Carrier (Chrono Boost)  
  99  7:25  Carrier (Chrono Boost)  
  99  7:26  Pylon  
  111  7:39  Cybernetics Core  
  111  7:40  Pylon  
  111  7:45  Twilight Council  
  111  7:48  Sentry  
  111  7:50  Photon Cannon  
  113  7:54  Stargate  
  113  8:15  Protoss Air Armor Level 1  
  113  8:16  Sentry  
  115  8:32  Nexus  
  127  8:35  Carrier (Chrono Boost), Pylon  
  127  8:38  Pylon  
  127  8:41  Carrier (Chrono Boost)  
  127  8:44  Pylon  
  133  8:57  Assimilator, Pylon  
  133  8:58  Carrier (Chrono Boost)  
  133  9:03  Assimilator  
  133  9:05  Photon Cannon  
  133  9:08  Photon Cannon  
  133  9:11  Photon Cannon  
  133  9:13  Protoss Shields Level 2  
  133  9:14  Pylon  
  133  9:15  Protoss Air Weapons Level 2  
  133  9:22  Pylon  
  133  9:42  Carrier (Chrono Boost)  
  133  9:43  Carrier (Chrono Boost)  
  139  9:45  Robotics Facility  
  150  10:08  Carrier (Chrono Boost)  
  150  10:16  Protoss Air Armor Level 2  
  150  10:41  Stargate  
  150  10:44  Pylon  
  150  10:46  Carrier (Chrono Boost)  
  156  10:53  Carrier (Chrono Boost)  
  156  10:56  Observer  
  163  11:17  Carrier (Chrono Boost)  
  169  11:25  Void Ray (Chrono Boost)  
  173  11:49  Nexus  
  173  11:51  Pylon  
  173  11:52  Pylon  
  173  11:53  Protoss Shields Level 3  
  173  11:54  Protoss Air Weapons Level 3, Pylon  
  173  11:59  Void Ray (Chrono Boost)  
  173  12:01  Void Ray (Chrono Boost)  
  177  12:02  Pylon  
  177  12:07  Void Ray  
  182  12:25  Stargate  
  182  12:27  Stargate  
  182  12:29  Stargate  
  182  12:30  Photon Cannon  
  182  12:32  Photon Cannon  
  182  12:34  Stargate  
  182  12:36  Photon Cannon  
  182  12:37  Pylon  
  182  12:39  Photon Cannon  
  182  12:40  Photon Cannon  
  182  12:48  Assimilator  
  182  12:54  Void Ray  
  182  12:55  Void Ray, Assimilator, Pylon  
  190  13:33  Void Ray x2  
  172  13:54  Void Ray x2  
  164  14:21  Void Ray x2  
  166  14:40  Void Ray x3  
  166  14:41  Void Ray x2  
  166  14:42  Void Ray  
Show
View Real Time Build Order
Export as new Build Order

Graveyard Zerg 

Build Orders: Hatch First 

Get SALT Encoding   

  12  0:00  Drone  
  13  0:12  Overlord  
  13  0:16  Drone  
  14  0:30  Drone x2  
  14  0:34  Drone  
  17  0:52  Hatchery  
  17  0:55  Drone  
  17  0:59  Drone  
  18  1:10  Extractor  
  17  1:14  Spawning Pool  
  16  1:25  Drone x2  
  18  1:28  Drone  
  19  1:38  Drone  
  20  1:49  Overlord  
  20  2:08  Drone  
  21  2:10  Drone  
  21  2:12  Queen x2  
  21  2:13  Zergling x2  
  27  2:19  Drone  
  27  2:21  Metabolic Boost  
  28  2:25  Drone x2  
  30  2:40  Drone  
  30  2:41  Hatchery  
  30  2:47  Overlord  
  30  2:48  Drone  
  31  2:57  Drone x2  
  31  2:58  Drone  
  34  3:05  Spore Crawler  
  33  3:07  Drone  
  33  3:10  Queen  
  36  3:14  Drone  
  36  3:15  Drone  
  36  3:19  Drone  
  39  3:21  Queen  
  39  3:25  Drone x2  
  39  3:26  Drone  
  44  3:32  Roach Warren  
  43  3:36  Overlord, Extractor  
  43  3:39  Overlord  
  42  3:49  Drone x2  
  42  3:51  Lair  
  42  3:54  Drone x2  
  46  4:02  Spore Crawler  
  45  4:09  Drone x2  
  47  4:16  Spore Crawler  
  47  4:17  Drone x4  
  47  4:18  Drone x4  
  54  4:30  Extractor  
  53  4:31  Extractor  
  53  4:32  Evolution Chamber  
  53  4:33  Evolution Chamber  
  53  4:37  Drone x2  
  52  4:42  Drone x2  
  54  4:53  Drone  
  54  4:55  Queen  
  57  5:01  Roach x4, Hydralisk Den  
  64  5:25  Overlord x4  
  64  5:30  Extractor  
  64  5:33  Overlord, Extractor  
  64  5:34  Overlord x2  
  62  5:37  Grooved Spines  
  62  5:47  Zerg Missile Weapons Level 1  
  62  5:59  Drone x4  
  62  6:00  Drone x7  
  62  6:01  Drone x2  
  62  6:02  Glial Reconstitution  
  75  6:05  Overlord x2  
  75  6:26  Drone x10  
  85  6:34  Spire  
  85  6:35  Spire  
  85  6:37  Drone  
  84  6:48  Muscular Augments  
  84  6:55  Hydralisk x5  
  84  6:56  Hydralisk x2  
  98  7:11  Hatchery  
  97  7:17  Hydralisk x3  
  97  7:18  Hydralisk x4  
  111  7:36  Pneumatized Carapace  
  111  7:38  Zerg Ground Armor Level 1  
  111  7:52  Zerg Flyer Armor Level 1, Zerg Flyer Weapons Level 1  
  111  7:57  Overlord  
  111  7:58  Overlord x2  
  111  8:01  Extractor  
  111  8:02  Zerg Missile Weapons Level 2  
  110  8:24  Hatchery, Drone x3  
  112  8:30  Corruptor x2  
  112  8:31  Corruptor x3  
  122  8:36  Hydralisk x2  
  122  8:38  Zergling x2  
  127  8:46  Overlord x3  
  127  8:49  Corruptor x2  
  131  9:06  Infestation Pit  
  131  9:17  Drone x2  
  131  9:24  Spore Crawler, Drone x3  
  133  9:25  Drone x3  
  133  9:26  Spore Crawler  
  133  9:27  Spore Crawler  
  133  9:28  Spore Crawler  
  134  9:32  Corruptor x6  
  134  9:38  Corruptor, Spore Crawler  
  148  9:39  Spore Crawler  
  148  9:44  Drone x3  
  149  9:52  Hatchery, Drone x2  
  150  9:56  Drone  
  151  10:00  Corruptor, Extractor  
  151  10:01  Corruptor x2  
  151  10:05  Hive  
  156  10:09  Queen  
  156  10:14  Corruptor  
  158  10:15  Corruptor  
  158  10:17  Zergling x8  
  166  10:30  Overlord x2  
  166  10:31  Overlord x3  
  166  10:41  Spore Crawler  
  165  10:44  Drone  
  166  11:10  Spore Crawler  
  165  11:11  Spore Crawler  
  165  11:12  Spore Crawler  
  165  11:16  Corruptor x9  
  165  11:17  Corruptor x3  
  187  11:22  Zerg Flyer Weapons Level 2  
  187  11:26  Extractor  
  187  11:27  Extractor  
  185  11:37  Corruptor x3  
  191  11:53  Zerg Flyer Armor Level 2  
  191  11:57  Zerg Missile Weapons Level 3  
  191  11:59  Roach  
  191  12:00  Roach x3  
  199  12:13  Drone  
  200  12:44  Spore Crawler  
  200  12:46  Spore Crawler x2  
  197  13:07  Corruptor  
  185  13:26  Corruptor x5  
  185  13:27  Corruptor x5  
  168  13:47  Corruptor x7  
  168  13:48  Corruptor x6  
  142  13:55  Queen x3  
  139  13:56  Corruptor  
  139  13:57  Spore Crawler  
  139  14:01  Corruptor  
  105  14:24  Corruptor x5  
  105  14:30  Drone x2  
  105  14:31  Drone x3  
  112  14:32  Extractor  
  109  14:41  Corruptor x2  
  112  14:50  Corruptor  
  112  14:51  Corruptor  
Tags
 
Add a new tag
Caveats
  • Supply blocks, unpowered buildings, or Contaminate may cause inaccurate times.
  • Supply counts are checked every 10 seconds.